 Dungeon Crawl Stone Soup version 0.18-a0-1788-g92de1ac (webtiles) character file.

1656010 RatWanderer the Conqueror (level 27, 245/245 HPs)
             Began as a Hill Orc Wanderer on Apr 20, 2016.
             Was an Elder of Trog.
             Escaped with the Orb
             ... and 3 runes on Apr 23, 2016!
             The game lasted 03:43:56 (73303 turns).

RatWanderer the Conqueror (Hill Orc Wanderer)      Turns: 73303, Time: 03:43:57

Health: 245/245    AC: 44    Str: 21    XL:     27
Magic:  24/24      EV: 22    Int: 10    God:    Trog [****..]
Gold:   5707       SH: 23    Dex: 26    Spells: 0 memorised, 28 levels left

rFire  + + .     SeeInvis +     b - +9 broad axe (flame)
rCold  + + .     Gourm    .     n - +5 gold dragon armour
rNeg   + + .     Faith    .     R - +2 shield of Resistance {rF+ rC+ MR+}
rPois  +         Spirit   .     C - +2 hat {SInv}
rElec  +         Dismiss  .     k - +2 cloak
rCorr  +         Reflect  +     a - +0 pair of gloves of the Vacuum {+Inv rN++} (curse)
SustAt .         Harm     .     D - +0 pair of boots "Duxke" {Regen+ Dex+7}
MR     +++..                    X - +4 amulet of reflection
Stlth  ..........               d - +4 ring of strength
                                Y - ring "Mim Heir" {rCorr +Blink rElec Str-2}

@: extremely resistant to hostile enchantments, extremely unstealthy
A: antennae 1, large bone plates 1, frail 1, weak 1
a: Berserk, Trog's Hand, Brothers in Arms, Burn Spellbooks, Renounce Religion,
Evoke Blink, Evoke Invisibility
0: Orb of Zot
}: 3/15 runes: barnacled, silver, gossamer


You escaped.
You worshipped Trog.
Trog was greatly pleased with you.
You were full.

You visited 10 branches of the dungeon, and saw 52 of its levels.

You collected 7143 gold pieces.
You spent 1436 gold pieces at shops.

Inventory:

Hand Weapons
 b - a +9 broad axe of flaming (weapon)
 o - a +8 broad axe of electrocution
Missiles
 m - 4 throwing nets (quivered)
 r - 156 stones
 y - 16 javelins of returning
Armour
 a - the cursed +0 pair of gloves of the Vacuum (worn) {+Inv rN++}
   (You found it on level 5 of the Vaults)

   It greatly protects you from negative energy.
   It lets you turn invisible.
   It has a curse placed upon it.
 k - a +2 cloak (worn)
 n - a +5 gold dragon armour (worn)
 C - a +2 hat of see invisible (worn)
 D - the +0 pair of boots "Duxke" (worn) {Regen+ Dex+7}
   (You acquired it on level 5 of the Depths)

   It affects your dexterity (+7).
   It increases your rate of regeneration.
 R - the +2 shield of Resistance (worn) {rF+ rC+ MR+}
   (You took it off Donald on level 4 of the Spider Nest)

   It protects you from fire.
   It protects you from cold.
   It affects your resistance to hostile enchantments.
Jewellery
 d - a +4 ring of strength (right hand)
 P - an uncursed ring of protection from fire
 X - a +4 amulet of reflection (around neck)
 Y - the ring "Mim Heir" (left hand) {rCorr +Blink rElec Str-2}
   (You found it on level 7 of the Lair of Beasts)

   [ring of resist corrosion]

   It affects your strength (-2).
   It insulates you from electricity.
   It lets you blink.
Wands
 i - a wand of digging (0/24)
 l - a wand of hasting (6/9)
 u - a wand of digging (14/24)
 F - a wand of digging (10/24)
 N - a wand of teleportation (8/9)
 V - a wand of disintegration (7/24)
Scrolls
 g - 3 scrolls of silence
 p - 3 scrolls of summoning
 q - 3 scrolls of blinking
 v - 3 scrolls of holy word
 x - 6 scrolls of teleportation
 B - 7 scrolls of recharging
 I - 12 scrolls of fog
 K - 9 scrolls of fear
 O - 13 scrolls of remove curse
 W - a scroll of enchant weapon
Potions
 c - 5 potions of resistance
 f - 5 potions of lignification
 j - 3 potions of agility
 s - 3 potions of heal wounds
 t - a potion of haste
 w - 14 potions of flight
 A - 8 potions of cancellation
 E - 3 potions of cure mutation
 G - 7 potions of ambrosia
 L - 13 potions of curing
 Z - 3 potions of invisibility
Books
 h - a book of Hinderance

   Spells                             Type                      Level
   a - Confusing Touch                Hexes                        2
   b - Confuse                        Hexes                        3
   c - Gell's Gravitas                Hexes/Translocation          3
   d - Petrify                        Transmutation/Earth          4
   e - Metabolic Englaciation         Hexes/Ice                    5
   f - Yara's Violent Unravelling     Hexes/Transmutation          5
   Trog disapproves of the use of such an item.
Comestibles
 e - 10 fruits
 Q - 2 meat rations
 U - 14 beef jerkies


   Skills:
 O Level 27 Fighting
 - Level 18.0(18.2) Axes
   Level 3.8(11.1) Polearms
   Level 1.0(2.2) Staves
 O Level 27 Armour
 * Level 22.0 Dodging
 - Level 1.0 Stealth
 - Level 15.0 Shields
 - Level 1.0 Spellcasting
   Level 1.0 Necromancy
   Level 2.4 Air Magic
 - Level 2.0 Evocations


You had 28 spell levels left.
You didn't know any spells.

Dungeon Overview and Level Annotations

Branches:
Dungeon (15/15)            Temple (1/1) D:5            Lair (8/8) D:9
 Shoals (4/4) Lair:4       Spider (4/4) Lair:5        Slime (0/6) Lair:6
    Orc (2/2) D:11            Elf (3/3) Orc:2        Vaults (5/5) D:13
  Crypt (0/3) Vaults:3     Depths (5/5) D:15            Zot (5/5) Depths:5

Altars:
Ashenzari
Cheibriados
Dithmenos
Elyvilon
Fedhas
Gozag
Kikubaaqudgha
Makhleb
Nemelex Xobeh
Okawaru
Pakellas
Qazlal
Ru
Sif Muna
Trog
Vehumet
Xom
Yredelemnul
Zin
The Shining One
Beogh
Jiyva

Shops:
D:11 (*   Orc:1 %   Orc:2 (*[??   Elf:3 [   Vaults:2 [   Vaults:3 [

Portals:
Hell: Depths:1 Depths:2 Depths:3 Depths:4 Depths:5
Abyss: Depths:2 Depths:4
Pandemonium: Depths:3
Ziggurat: Depths:5
Trove: D:14 (give 18 scrolls of teleportation)

Annotations:
D:4 barb4r1an's ghost, amateur DsGl
D:6 exclusions: upstairs and 2 more exclusions, Blork the orc
D:7 exclusions: oklob plant and upstairs
Lair:1 exclusion: downstairs
Lair:2 1 exclusion
Lair:3 exclusions: downstairs and upstairs
Lair:5 exclusion: upstairs
Shoals:4 Ilsuiw
Elf:2 2 runed doors
Vaults:1 1 exclusion
Depths:2 exclusion: door


Innate Abilities, Weirdness & Mutations

You have a pair of small antennae on your head.
You are partially covered in large bone plates (AC +2, SH +2).
You are frail (-10% HP).
You are weak. (Str -2)


Message History

You slash the gnoll! You burn the gnoll.
You kill the gnoll!
Trog accepts your kill.
No target in view!
The hobgoblin shouts!
The hobgoblin is too close now for your liking.
A hobgoblin is nearby!
You block the hobgoblin's attack.
You hit the hobgoblin. You burn the hobgoblin.
You kill the hobgoblin!
Trog accepts your kill.
No target in view!
Evoke which item? (* to show all) (? for menu, Esc to quit)
Zapping:
F - a wand of digging {zapped: 2} (will waste charges)
Press: ? - help, Shift-Dir - straight line The rock shatters into small pieces.
Evoking this partially-identified wand wasted a few charges.
There is a staircase leading out of the dungeon here.
Okay, then.
You have escaped!

#......# #.# #.#
#......# #.# #.#
#.##..####.####.##
#......##.........
#......##.........
####.#.###.####.#.
#......# #.##.....
#......###.#....#.
#@...####....#....
#......##..#....#.
#......##.###.##..
#.##.##...###.###.
#......##.........
#......##.........
##.#)#.##.###...).
#......##.# ##....
#......##.# #.###


There were no monsters in sight!

Vanquished Creatures
  Mara (Depths:3)
  A juggernaut (Depths:4)
  7 orbs of fire
  4 ancient liches
  A Killer Klown (Zot:5)
  Norris (Depths:3)
  A caustic shrike (Depths:4)
  8 golden dragons
  A bone dragon (Depths:5)
  Nikola (Elf:1)
  2 iron giants
  A Brimstone Fiend (Zot:3)
  2 electric golems (Zot:5)
  Jorgrun (Vaults:3)
  12 tentacled monstrosities
  21 Orb Guardians
  2 liches
  9 titans
  3 deep elf blademasters (Elf:3)
  4 acid blobs (Zot:3)
  A quicksilver dragon (Vaults:5)
  2 deep elf master archers (Elf:3)
  4 sphinxes
  Gastronok (D:8)
  Agnes (Spider:3)
  9 death cobs
  7 shadow dragons
  14 storm dragons
  7 tengu reavers
  An ancient champion (Vaults:3)
  3 draconian monks
  Donald (Spider:4)
  Wiglaf (Spider:4)
  2 iron dragons (Depths:4)
  12 deep elf sorcerers
  6 ghost moths
  7 draconian knights
  16 fire giants
  5 draconian scorchers (Zot:2)
  15 vault wardens
  7 frost giants
  A balrug (D:8)
  Louise (Spider:3)
  5 draconian zealots
  6 emperor scorpions (Spider:4)
  3 draconian shifters
  4 deep elf elementalists
  27 stone giants
  2 juggernaut skeletons (Depths:4)
  20 ironheart preservers
  A reaper (Depths:5)
  3 draconian callers
  A ghoul (D:14)
  A spriggan defender (Depths:3)
  7 green draconians
  9 draconian annihilators
  3 war gargoyles
  12 very ugly things
  5 vampire knights
  8 deep elf demonologists
  4 black draconians
  4 mottled draconians
  4 white draconians (Zot:2)
  4 purple draconians
  3 red draconians
  14 yellow draconians
  5 deep elf annihilators
  3 spark wasps
  A merfolk javelineer (Shoals:4)
  8 deep elf death magi
  Snorg (D:12)
  19 fire dragons
  37 vault guards
  A crystal guardian (Vaults:3)
  29 ettins
  5 deep elf high priests
  4 merfolk impalers
  11 yaktaur captains
  A great orb of eyes (shapeshifter) (Vaults:5)
  11 great orbs of eyes
  20 ice dragons
  An entropy weaver (shapeshifter) (Vaults:5)
  7 entropy weavers
  A quicksilver dragon skeleton (Depths:4)
  6 hydras
  Harold (Lair:2)
  4 spriggan air magi
  8 centaur warriors
  11 death yaks
  8 deep troll earth magi
  A satyr (Shoals:2)
  2 death knights (Vaults:1)
  16 ogre magi
  9 tengu warriors
  3 merfolk aquamancers
  The ghost of George the Blocker, a novice FoFi of Okawaru (D:8)
  15 deep troll shamans
  12 dancing weapons
  A shock serpent (shapeshifter) (Depths:3)
  An orc high priest (Elf:3)
  A death yak (shapeshifter) (D:15)
  2 vampire magi
  10 spriggan berserkers
  2 sun demons (D:8)
  12 deep elf knights
  A fire crab (Vaults:4)
  6 wizards
  4 iron trolls
  A fire crab (shapeshifter) (Vaults:4)
  4 hell knights (Depths:4)
  35 deep trolls
  2 shadow wraiths (Vaults:4)
  A sea snake (shapeshifter) (Vaults:5)
  4 skeletal warriors
  An unseen horror (shapeshifter) (Vaults:4)
  2 flayed ghosts
  3 sea snakes
  A lindwurm (shapeshifter) (Vaults:1)
  2 unseen horrors (D:15)
  Pikel (D:5)
  12 orc knights
  6 giant orange brains
  15 ironbrand convokers
  10 hill giants
  7 phantasmal warriors
  A shadow dragon zombie (Depths:4)
  5 deep elf archers
  10 necromancers
  A sphinx zombie (Vaults:4)
  A wolf spider zombie (D:14)
  7 harpies
  41 wolf spiders
  5 cyclopes
  4 oklob plants
  18 orb spiders
  64 deep elf magi
  4 fauns (Shoals:1)
  41 ugly things
  4 manticores
  16 moths of wrath
  A sixfirhy (D:12)
  8 hornets
  7 orc sorcerers
  2 hornets (shapeshifter)
  2 griffons
  A toenail golem (Depths:4)
  A cyclops (shapeshifter) (Vaults:5)
  5 black mambas
  A water nymph (shapeshifter) (Vaults:5)
  26 vault sentinels
  A guardian serpent (shapeshifter) (Vaults:3)
  31 elephants
  A water nymph (Shoals:1)
  3 sirens
  A salamander (Depths:1)
  A rust devil (Zot:2)
  An eye of devastation (shapeshifter) (Depths:3)
  13 spiny frogs
  2 torpor snails
  A smoke demon (Depths:4)
  A gargoyle (D:14)
  An efreet (D:13)
  2 rime drakes
  9 kobold demonologists
  15 demonic crawlers
  8 komodo dragons
  8 freezing wraiths
  A redback zombie (D:13)
  48 yaktaurs
  4 hellwings
  A spriggan druid (Lair:8)
  2 red devils
  A queen bee (shapeshifter) (Vaults:2)
  5 tengu conjurers
  32 two-headed ogres
  33 jumping spiders
  A tengu simulacrum (Vaults:4)
  A troll (shapeshifter) (Depths:1)
  3 merfolk
  9 boulder beetles
  A small abomination (Elf:1)
  7 trolls
  A hornet zombie (D:13)
  24 slime creatures
  A two-headed ogre (shapeshifter) (Elf:1)
  5 polar bears (Lair:8)
  A wind drake (Shoals:4)
  Grinder (D:6)
  2 blink frogs (shapeshifter)
  4 blink frogs (Lair:8)
  A boulder beetle (shapeshifter) (Elf:1)
  2 snapping turtles
  A wind drake (shapeshifter) (Vaults:5)
  Prince Ribbit (D:8)
  A stone giant simulacrum (Vaults:3)
  A centaur simulacrum (D:15)
  4 air elementals
  4 shadows
  Sigmund (D:6)
  A vampire (D:12)
  92 redbacks
  19 spriggans
  37 tarantellas
  A tarantella (shapeshifter) (Vaults:1)
  6 wyverns
  2 flying skulls (D:12)
  14 water elementals
  7 fire elementals
  2 wraiths
  25 yaks
  A basilisk (shapeshifter) (Depths:3)
  A steam dragon (D:10)
  2 golden eyes (shapeshifter)
  6 vampire mosquitoes
  A neqoxec (D:8)
  2 humans (shapeshifter)
  15 hippogriffs
  Edmund (D:5)
  A mottled dragon (D:14)
  12 wargs
  12 water moccasins
  2 soldier ants (D:11)
  33 orc warriors
  15 porcupines
  A black bear (shapeshifter) (Vaults:3)
  A giant eyeball (Depths:1)
  4 sky beasts
  4 slaves (D:5)
  7 ice beasts
  An eye of draining (shapeshifter) (Vaults:4)
  2 eyes of draining
  7 black bears
  5 necrophages
  13 wasps
  An elf zombie (Vaults:3)
  61 ogres
  A phantom (D:7)
  24 wolves
  6 boggarts
  15 centaurs
  An elf skeleton (Vaults:3)
  24 crocodiles
  A human zombie (Vaults:3)
  8 big kobolds
  A gnoll sergeant (D:8)
  16 giant frogs
  3 earth elementals
  A wyvern zombie (D:6)
  2 human skeletons (Vaults:4)
  6 scorpions
  30 killer bees
  5 wights (D:12)
  A human simulacrum (Vaults:2)
  14 electric eels
  A vampire bat (Lair:1)
  6 howler monkeys
  11 crimson imps
  5 giant frog zombies
  A hound (shapeshifter) (Depths:4)
  A quasit (D:9)
  11 centaur zombies
  A wasp zombie (D:14)
  4 hounds
  18 orc priests
  Crazy Yiuf (D:5)
  30 jellies
  12 centaur skeletons
  8 giant frog skeletons
  18 orc wizards
  An iron imp (Depths:1)
  9 iguanas
  19 worker ants
  A boulder beetle simulacrum (Vaults:1)
  30 sheep
  A sheep (shapeshifter) (Depths:3)
  3 hound zombies
  3 mummies
  A worker ant zombie (D:9)
  9 gnolls
  11 adders
  A howler monkey skeleton (D:5)
  46 river rats
  4 shadow imps
  12 white imps (Lair:4)
  An ooze (D:4)
  6 worms
  3 dart slugs
  6 giant geckos
  119 orcs
  16 bats
  7 giant cockroaches
  4 goblins
  9 hobgoblins
  13 jackals
  9 quokkas
  A ball python (D:3)
  6 giant newts
  33 kobolds
  6 rats
  A bush (Lair:8)
  3 crawling corpses (Elf:1)
  A fire vortex (Depths:1)
  9 fungi
  8 plants
  A withered plant (D:14)
2462 creatures vanquished.

Vanquished Creatures (collateral kills)
  Saint Roka (Vaults:5)
  Arachne (Spider:3)
  A tentacled monstrosity (Zot:1)
  A deep elf master archer (Elf:3)
  A deep elf blademaster (Elf:3)
  The ghost of Medar the Bludgeoner, a journeyman TrCK of Xom (Orc:2)
  Kirke (Spider:3)
  2 deep elf sorcerers (Elf:3)
  A very ugly thing (Vaults:5)
  2 deep elf annihilators (Elf:3)
  2 ettins (Depths:2)
  A deep elf high priest (Elf:3)
  An entropy weaver (Spider:2)
  A dancing weapon (Elf:3)
  A flayed ghost (Depths:4)
  An orb spider (Spider:4)
  2 wolf spiders (Spider:3)
  A cyclops (Orc:2)
  A toenail golem (Zot:2)
  A hellion (Zot:2)
  A jumping spider (Spider:3)
  3 trolls (Orc:2)
  A two-headed ogre (Orc:2)
  A boulder beetle (Spider:4)
  A redback (Spider:3)
  3 tarantellas
  A hog (Spider:3)
  A chaos spawn (Zot:2)
  An orc warrior (Orc:2)
  An ogre (D:9)
  2 killer bees (D:9)
  An orc priest (Orc:2)
  An orc (Orc:2)
42 creatures vanquished.

Vanquished Creatures (others)
  A deep elf master archer (Elf:3)
  A fire giant (Vaults:4)
  A draconian knight (Zot:2)
  2 ghost moths (Spider:4)
  2 draconian scorchers (Zot:2)
  A draconian caller (Zot:3)
  6 stone giants
  2 merfolk javelineers (Shoals:4)
  3 yaktaur captains
  A centaur warrior (Vaults:3)
  A skeletal warrior (Vaults:2)
  An unseen horror (Vaults:1)
  An orc knight (Vaults:1)
  4 deep elf archers
  A sixfirhy (Zot:5)
  A cyclops (Shoals:4)
  15 yaktaurs
  2 orc warriors
  A two-headed ogre (Orc:2)
  A redback (Spider:3)
  6 humans (Spider:3)
  A water moccasin (D:9)
  2 black bears
  6 centaurs
  A killer bee (D:9)
  An orc wizard (Orc:1)
  2 orcs
  4 bushes (Lair:8)
  24 fungi
  21 plants
116 creatures vanquished.

Grand Total: 2620 creatures vanquished

Notes
Turn   | Place    | Note
--------------------------------------------------------------
     0 | D:1      | RatWanderer the Hill Orc Wanderer began the quest for the Orb.
     0 | D:1      | RatWanderer set off with: a book of Air, a +0 spear, Kikubaaqudgha's Handbook of Evil, a +0 robe, a bread ration
     0 | D:1      | Reached XP level 1. HP: 14/14 MP: 2/2
     0 | D:1      | Identified Kikubaaqudgha's Handbook of Evil
    70 | D:1      | Reached skill level 1 in Polearms
   359 | D:1      | Reached XP level 2. HP: 20/20 MP: 3/3
   789 | D:1      | Reached XP level 3. HP: 26/26 MP: 4/4
  1540 | D:2      | Found a deep blue altar of Sif Muna.
  1931 | D:3      | Reached XP level 4. HP: 29/33 MP: 5/5
  2205 | D:3      | Reached skill level 1 in Axes
  2640 | D:3      | Reached XP level 5. HP: 34/38 MP: 6/6
  2915 | D:4      | Found a shattered altar of Ashenzari.
  2976 | D:4      | Found a radiant altar of Vehumet.
  3048 | D:5      | Entered Level 5 of the Dungeon
  3059 | D:4      | Noticed an ogre
  3091 | D:4      | Noticed barb4r1an's ghost (amateur DsGl)
  3103 | D:5      | Noticed Grinder
  3147 | D:6      | Noticed a black bear
  3164 | D:6      | Killed a black bear
  3164 | D:6      | Reached skill level 5 in Axes
  3164 | D:6      | Reached XP level 6. HP: 45/45 MP: 7/7
  3264 | D:6      | Noticed Sigmund
  3515 | D:7      | Noticed a sky beast
  3531 | D:7      | Killed a sky beast
  3535 | D:7      | Gained mutation: You have large cloven feet. [mutagenic meat]
  3560 | D:7      | Found a blossoming altar of Fedhas.
  3578 | D:7      | Noticed an oklob plant
  3823 | D:7      | Noticed a phantom
  4082 | D:6      | Noticed Blork the orc
  4119 | D:7      | Reached XP level 7. HP: 50/50 MP: 8/8
  4805 | D:7      | Reached skill level 10 in Axes
  4805 | D:7      | Reached XP level 8. HP: 51/57 MP: 9/9
  4999 | D:6      | Got a dazzling leather armour
  5011 | D:6      | Identified the +3 leather armour of Space {rF+} (You found it on level 6 of the Dungeon)
  6241 | D:5      | Paralysed by Grinder for 5 turns
  6304 | D:5      | Noticed Pikel
  6529 | D:5      | Paralysed by Grinder for 6 turns
  6985 | D:5      | Found a staircase to the Ecumenical Temple.
  7004 | D:5      | Reached XP level 9. HP: 60/62 MP: 10/10
  7006 | Temple   | Entered the Ecumenical Temple
  7052 | Temple   | Became a worshipper of Trog the Wrathful
  7125 | D:5      | Noticed Edmund
  7126 | D:5      | Found a glowing silver altar of Zin.
  7154 | D:5      | Paralysed by Grinder for 2 turns
  7160 | D:5      | Paralysed by Grinder for 7 turns
  8390 | D:6      | Reached skill level 1 in Shields
  8447 | D:6      | Killed Grinder
  8621 | D:6      | Found a burning altar of Makhleb.
  8623 | D:6      | Noticed a cacodemon
  9337 | D:8      | Reached skill level 1 in Fighting
  9408 | D:8      | Reached skill level 1 in Armour
  9872 | D:9      | Found a shadowy altar of Dithmenos.
  9907 | D:9      | Found a staircase to the Lair.
  9942 | D:9      | Reached * piety under Trog
 10151 | D:9      | Found an oddly glowing altar of Pakellas.
 10165 | D:8      | Noticed George's ghost (novice FoFi)
 10221 | D:9      | Reached XP level 10. HP: 77/79 MP: 11/11
 10272 | D:10     | Entered Level 10 of the Dungeon
 10301 | D:9      | HP: 4/80 [vampire mosquito (9)]
 10323 | Lair:1   | Entered Level 1 of the Lair of Beasts
 10323 | Lair:1   | Noticed a spiny frog
 10332 | Lair:1   | Noticed a spiny frog
 10643 | Lair:1   | Killed a spiny frog
 10643 | Lair:1   | Reached skill level 5 in Fighting
 10666 | Lair:1   | Reached skill level 5 in Armour
 10678 | Lair:1   | Reached ** piety under Trog
 11355 | Lair:1   | Noticed a four-headed hydra
 11366 | Lair:1   | Killed a six-headed hydra
 11366 | Lair:1   | Reached skill level 15 in Axes
 12144 | Lair:2   | Noticed Harold
 12377 | Lair:2   | Killed Harold
 12513 | Lair:2   | Noticed a spiny frog
 12525 | Lair:2   | Killed a spiny frog
 12525 | Lair:2   | Reached XP level 11. HP: 89/89 MP: 12/12
 13038 | Lair:2   | Noticed an ice dragon
 13370 | Lair:2   | Reached *** piety under Trog
 14363 | Lair:2   | Noticed a six-headed hydra
 14401 | Lair:3   | Reached **** piety under Trog
 14407 | Lair:3   | Reached skill level 10 in Fighting
 14423 | Lair:3   | Reached XP level 12. HP: 106/106 MP: 13/13
 14794 | Lair:4   | Noticed a death yak
 14795 | Lair:4   | Noticed a death yak
 14795 | Lair:4   | Noticed a death yak
 14882 | Lair:4   | Found a staircase to the Shoals.
 14895 | Lair:4   | Noticed an eight-headed hydra
 14940 | Lair:4   | Noticed a death yak
 15230 | D:9      | Reached skill level 10 in Armour
 15387 | D:8      | Noticed Prince Ribbit
 15406 | D:8      | Killed Prince Ribbit
 15444 | D:8      | Noticed Gastronok
 15498 | D:8      | Killed Gastronok
 15848 | D:6      | Killed Sigmund
 16099 | D:5      | Killed Edmund
 16140 | D:5      | Killed Pikel
 16265 | D:5      | Found a snail-covered altar of Cheibriados.
 16685 | D:5      | Noticed Crazy Yiuf
 16689 | D:5      | Paralysed by Crazy Yiuf for 7 turns
 16698 | D:5      | Killed Crazy Yiuf
 17014 | D:10     | Reached ***** piety under Trog
 18627 | D:10     | Received a gift from Trog
 18637 | D:10     | Gained mutation: You are partially covered in thin metallic scales (AC +2). [potion of beneficial mutation]
 19132 | D:11     | Found a staircase to the Orcish Mines.
 19166 | D:11     | Reached XP level 13. HP: 112/119 MP: 14/14
 19819 | D:11     | Found Viqawneh's General Store.
 19852 | D:11     | Bought a scroll of enchant armour for 112 gold pieces
 19965 | D:11     | Found Pezew's Antique Weapon Shop.
 20130 | D:12     | Found a shimmering altar of Xom.
 20318 | D:12     | Found an iron altar of Okawaru.
 20355 | D:12     | Found a shimmering altar of Xom.
 20355 | D:12     | Found a shimmering altar of Xom.
 20356 | D:12     | Found a shimmering altar of Xom.
 20735 | D:12     | Gained mutation: You are partially covered in large bone plates (AC +2, SH +2). [potion of beneficial mutation]
 20802 | D:12     | Noticed Snorg
 20825 | D:12     | Killed Snorg
 20916 | D:12     | Received a gift from Trog
 21962 | Lair:4   | Received a gift from Trog
 22052 | Lair:4   | Reached skill level 15 in Fighting
 22094 | Lair:4   | Reached XP level 14. HP: 135/135 MP: 15/15
 23143 | D:11     | Bought a scroll of recharging for 142 gold pieces
 23143 | D:11     | Bought a scroll of remove curse for 45 gold pieces
 23450 | Lair:5   | Found a hole to the Spider Nest.
 23816 | Lair:6   | Received a gift from Trog
 24034 | Lair:6   | Found a staircase to the Slime Pits.
 24036 | Lair:6   | Found a viscous altar of Jiyva.
 24230 | Lair:6   | Reached skill level 15 in Armour
 25402 | Lair:7   | Got a dazzling ring mail
 25403 | Lair:7   | Identified the +2 ring mail of Kicueho {rPois MR++ Str+2 Int-4} (You found it on level 7 of the Lair of Beasts)
 25504 | Lair:7   | Got a steaming jade ring
 25506 | Lair:7   | Identified the ring "Mim Heir" {rCorr +Blink rElec Str-2} (You found it on level 7 of the Lair of Beasts)
 25893 | Lair:8   | Entered Level 8 of the Lair of Beasts
 26005 | Lair:8   | Received a gift from Trog
 26149 | Lair:8   | Reached skill level 5 in Dodging
 26230 | Lair:8   | Got a fine greatsling
 26266 | Lair:8   | Received a gift from Trog
 26342 | Lair:8   | Reached XP level 15. HP: 144/144 MP: 16/16
 27283 | Spider:1 | Entered Level 1 of the Spider Nest
 27824 | Spider:1 | Reached ****** piety under Trog
 28018 | Spider:1 | Got a spiked plate armour
 28375 | Spider:1 | Identified the cursed +0 plate armour of Gudup {rElec rN+ Int+2} (You found it on level 1 of the Spider Nest)
 28994 | Spider:2 | Reached skill level 10 in Dodging
 29215 | Spider:2 | Received a gift from Trog
 30957 | Spider:3 | Noticed Louise
 30997 | Spider:2 | Reached XP level 16. HP: 152/152 MP: 17/17
 31236 | Spider:3 | Killed Louise
 31236 | Spider:3 | Received a gift from Trog
 31310 | Spider:3 | Noticed Arachne
 31637 | Spider:3 | Received a gift from Trog
 31716 | Spider:3 | Killed Arachne
 31721 | Spider:3 | Noticed Kirke
 31725 | Spider:3 | Killed Kirke
 31937 | Spider:3 | Noticed Agnes
 32086 | Spider:3 | Killed Agnes
 32525 | Spider:4 | Entered Level 4 of the Spider Nest
 32556 | Spider:4 | Noticed Donald
 32659 | Spider:4 | Killed Donald
 32817 | Spider:4 | Noticed Wiglaf
 32835 | Spider:4 | Killed Wiglaf
 32835 | Spider:4 | Reached skill level 5 in Shields
 33193 | Spider:4 | Received a gift from Trog
 34522 | Spider:4 | Reached XP level 17. HP: 139/161 MP: 12/18
 34569 | Spider:4 | Reached skill level 10 in Shields
 34935 | Spider:4 | Identified a scroll of acquirement
 36208 | Spider:4 | Got a gossamer rune of Zot
 36794 | D:13     | Got a shimmering pewter amulet
 36943 | D:13     | Received a gift from Trog
 37151 | D:13     | Found a gate to the Vaults.
 37596 | D:13     | Found a roughly hewn altar of Beogh.
 38071 | D:14     | Found a portal to a secret trove of treasure.
 38664 | D:15     | Entered Level 15 of the Dungeon
 38775 | D:15     | Found a staircase to the Depths.
 38860 | D:15     | Identified the amulet of Zazycuti {Faith Dex+4} (You found it on level 13 of the Dungeon)
 38906 | D:15     | Received a gift from Trog
 39154 | D:15     | Reached skill level 15 in Shields
 39209 | D:15     | Reached XP level 18. HP: 170/170 MP: 19/19
 39860 | Orc:1    | Entered Level 1 of the Orcish Mines
 40119 | Orc:1    | Received a gift from Trog
 40181 | Orc:1    | Found Azauzic's Food Shop.
 40510 | Orc:2    | Entered Level 2 of the Orcish Mines
 40643 | Orc:2    | Found a staircase to the Elven Halls.
 40724 | Orc:2    | Received a gift from Trog
 40765 | Orc:2    | Found Hisoduus's Magic Scroll Boutique.
 40780 | Orc:2    | Found Fazib's Assorted Antiques.
 40785 | Orc:2    | Found Lankuola's Antique Weapon Shop.
 40786 | Orc:2    | Found Ceuming's Antique Armour Emporium.
 40797 | Orc:2    | Bought a scroll labeled MOSYSHR ISAISK for 20 gold pieces
 40797 | Orc:2    | Bought a robe for 14 gold pieces
 40797 | Orc:2    | Bought a scroll of amnesia for 70 gold pieces
 40797 | Orc:2    | Bought a scroll of identify for 40 gold pieces
 40809 | Orc:2    | Noticed Medar's ghost (journeyman TrCK)
 40821 | Orc:2    | Killed Medar's ghost
 40955 | Orc:2    | Found Dairuack's Magic Scroll Shoppe.
 41174 | Orc:2    | Bought a runed broad axe for 148 gold pieces
 41188 | Orc:2    | Bought a scroll of identify for 22 gold pieces
 41188 | Orc:2    | Bought a scroll of holy word for 82 gold pieces
 41188 | Orc:2    | Bought a scroll of identify for 22 gold pieces
 41188 | Orc:2    | Bought a scroll of identify for 22 gold pieces
 41188 | Orc:2    | Bought a scroll of identify for 22 gold pieces
 41190 | Orc:2    | Identified a +1 rod of shadows (14/14) (You found it on level 14 of the Dungeon)
 41208 | Orc:2    | Bought a scroll of identify for 28 gold pieces
 41208 | Orc:2    | Bought a scroll of enchant armour for 105 gold pieces
 41208 | Orc:2    | Bought a scroll of enchant weapon for 105 gold pieces
 41208 | Orc:2    | Bought a scroll of blinking for 105 gold pieces
 41208 | Orc:2    | Bought a scroll of identify for 28 gold pieces
 41484 | Vaults:1 | Entered Level 1 of the Vaults
 42152 | Vaults:1 | Received a gift from Trog
 42896 | Vaults:1 | Received a gift from Trog
 43156 | Vaults:2 | Reached XP level 19. HP: 183/183 MP: 20/20
 43344 | Vaults:2 | Noticed a Hell Sentinel
 43536 | Vaults:2 | Noticed an Ice Fiend
 43606 | Vaults:2 | Found Biad's Armour Boutique.
 43956 | Vaults:2 | Received a gift from Trog
 45156 | Vaults:2 | Received a gift from Trog
 45479 | Vaults:3 | Found a staircase to the Crypt.
 45547 | Vaults:3 | Noticed Jorgrun
 45567 | Vaults:3 | Killed Jorgrun
 46300 | Vaults:3 | Found Luokk's Armour Shop.
 46597 | Vaults:3 | Reached XP level 20. HP: 195/195 MP: 21/21
 46794 | Vaults:3 | Got a steaming scale mail
 46805 | Vaults:3 | Identified the +1 scale mail of the Present {Dex+3} (You found it on level 3 of the Vaults)
 47253 | Vaults:4 | Received a gift from Trog
 48762 | Elf:1    | Entered Level 1 of the Elven Halls
 48776 | Elf:1    | Received a gift from Trog
 49093 | Elf:1    | Noticed Nikola
 49105 | Elf:1    | Killed Nikola
 49263 | Elf:1    | Found a radiant altar of Vehumet.
 50091 | Elf:2    | Found a runed door.
 50298 | Elf:2    | Received a gift from Trog
 50443 | Elf:2    | Found a runed door.
 50469 | Elf:3    | Entered Level 3 of the Elven Halls
 50612 | Elf:3    | Reached XP level 21. HP: 206/206 MP: 22/22
 51391 | Elf:3    | Received a gift from Trog
 51531 | Elf:3    | Got a bound copper ring
 51624 | Elf:3    | Identified the ring of Bodily Harmony {*Tele Dex+3} (You took it off a deep elf master archer on level 3 of the Elven Halls)
 51669 | Elf:3    | Received a gift from Trog
 51677 | Elf:3    | Got a smoking war axe
 51679 | Elf:3    | Got a smoking scale mail
 51680 | Elf:3    | Identified the +2 war axe "Kybozxy" {speed, rF+} (You found it on level 3 of the Elven Halls)
 51681 | Elf:3    | Identified the +4 scale mail "Qeng" {rElec} (You found it on level 3 of the Elven Halls)
 52067 | Elf:3    | Found Siylakuh's Antique Armour Shoppe.
 52086 | Elf:3    | Bought a pearl-encrusted chain mail for 304 gold pieces
 52101 | Elf:3    | Identified the +3 chain mail of Rotation {Int+5} (You bought it in a shop on level 3 of the Elven Halls)
 52710 | Shoals:1 | Entered Level 1 of the Shoals
 52972 | Shoals:2 | Received a gift from Trog
 53188 | Shoals:4 | Entered Level 4 of the Shoals
 53210 | Shoals:4 | Noticed Ilsuiw
 53449 | Shoals:4 | Got a barnacled rune of Zot
 53955 | Depths:1 | Entered Level 1 of the Depths
 54353 | Depths:1 | Got a smoking ring mail
 54354 | Depths:1 | Identified the cursed +0 ring mail of Wyjodgho {rN+} (You found it on level 1 of the Depths)
 54364 | Depths:1 | Reached XP level 22. HP: 217/217 MP: 23/23
 54372 | Depths:1 | Received a gift from Trog
 55320 | Depths:1 | Found a gateway to Hell.
 55422 | Depths:2 | Received a gift from Trog
 55733 | Depths:2 | Found a one-way gate to the infinite horrors of the Abyss.
 56698 | Depths:2 | Received a gift from Trog
 56834 | Depths:2 | Noticed an iron giant
 56874 | Depths:2 | Killed an iron giant
 57017 | Depths:2 | Got an ancient scythe
 57358 | Depths:3 | Found a one-way gate leading to the halls of Pandemonium.
 57515 | Depths:3 | Found a radiant altar of Vehumet.
 57515 | Depths:3 | Found a snail-covered altar of Cheibriados.
 57516 | Depths:3 | Found an opulent altar of Gozag.
 57788 | Depths:3 | Reached XP level 23. HP: 208/229 MP: 24/24
 57914 | Depths:3 | Received a gift from Trog
 58500 | Depths:3 | Noticed a golden dragon
 58512 | Depths:3 | Killed a golden dragon
 58924 | Depths:3 | Noticed a golden dragon
 58963 | Depths:3 | Killed a golden dragon
 58975 | Depths:3 | Received a gift from Trog
 59046 | Depths:3 | Noticed Norris
 59066 | Depths:3 | Killed Norris
 59993 | Depths:4 | Noticed a caustic shrike
 59993 | Depths:4 | Noticed Mara
 60007 | Depths:3 | Killed Mara
 60274 | Depths:4 | Killed a caustic shrike
 60604 | Depths:4 | Noticed a juggernaut
 60620 | Depths:4 | Killed a juggernaut
 60620 | Depths:4 | Received a gift from Trog
 60620 | Depths:4 | Reached XP level 24. HP: 240/240 MP: 24/24
 62027 | Depths:4 | Received a gift from Trog
 62791 | Depths:5 | Entered Level 5 of the Depths
 63301 | Depths:5 | Reached skill level 15 in Dodging
 63386 | Depths:5 | Found a gateway to a ziggurat.
 63860 | Depths:5 | Found a gate to the Realm of Zot.
 64209 | Depths:5 | Got a pair of ichor-stained boots
 64220 | Depths:5 | Identified the +0 pair of boots "Duxke" {Regen+ Dex+7} (You acquired it on level 5 of the Depths)
 64858 | Vaults:4 | Received a gift from Trog
 64880 | Vaults:4 | Reached XP level 25. HP: 253/253 MP: 24/24
 64928 | Vaults:5 | Entered Level 5 of the Vaults
 64936 | Vaults:5 | Received a gift from Trog
 65481 | Vaults:5 | Received a gift from Trog
 65769 | Vaults:5 | Noticed an ancient lich
 65786 | Vaults:5 | Killed an ancient lich
 66139 | Vaults:5 | Received a gift from Trog
 66148 | Vaults:5 | Reached XP level 26. HP: 264/264 MP: 24/24
 66195 | Vaults:5 | Noticed Saint Roka
 66215 | Vaults:5 | Killed Saint Roka
 66408 | Vaults:5 | Reached skill level 27 in Fighting
 66466 | Vaults:5 | Got a silver rune of Zot
 66634 | Vaults:5 | Got a pair of slimy gloves
 66635 | Vaults:5 | Identified the cursed +0 pair of gloves of the Vacuum {+Inv rN++} (You found it on level 5 of the Vaults)
 66715 | Vaults:5 | Received a gift from Trog
 67238 | Zot:1    | Entered Level 1 of the Realm of Zot
 67556 | Zot:1    | Noticed an orb of fire
 67861 | Zot:1    | Gained mutation: You are weak. (Str -2) [an orb of fire]
 67874 | Zot:1    | Killed an orb of fire
 69160 | Zot:2    | Received a gift from Trog
 69196 | Zot:2    | Reached XP level 27. HP: 273/273 MP: 24/24
 69526 | Zot:2    | Reached skill level 27 in Armour
 70174 | Zot:3    | Received a gift from Trog
 70179 | Zot:3    | Got a steaming war axe {god gift}
 70180 | Zot:3    | Identified the +10 war axe of the Present {flame, rF++ MR+} (Trog gifted it to you on level 3 of the Realm of Zot)
 71085 | Zot:5    | Entered Level 5 of the Realm of Zot
 71366 | Zot:5    | Noticed an ancient lich
 71382 | Zot:5    | Killed an ancient lich
 71601 | Zot:5    | Noticed an orb of fire
 71631 | Zot:5    | Killed an orb of fire
 71632 | Zot:5    | Noticed an orb of fire
 71813 | Zot:5    | Gained mutation: You are very weak. (Str -4) [an orb of fire]
 71818 | Zot:5    | Gained mutation: You have a pair of small antennae on your head. [an orb of fire]
 71831 | Zot:5    | Gained mutation: Scrolls take you a little longer to read. [an orb of fire]
 71838 | Zot:5    | Killed an orb of fire
 71883 | Zot:5    | Noticed an orb of fire
 71899 | Zot:5    | Killed an orb of fire
 71932 | Zot:5    | Noticed an orb of fire
 71960 | Zot:5    | Gained mutation: You are frail (-10% HP). [an orb of fire]
 71963 | Zot:5    | Killed an orb of fire
 72018 | Zot:5    | Noticed an orb of fire
 72052 | Zot:5    | Noticed an ancient lich
 72062 | Zot:5    | Killed an ancient lich
 72095 | Zot:5    | Noticed an ancient lich
 72109 | Zot:5    | Killed an ancient lich
 72250 | Zot:5    | Killed an orb of fire
 72292 | Zot:5    | Noticed an orb of fire
 72322 | Zot:5    | Gained mutation: You are very frail (-20% HP). [an orb of fire]
 72323 | Zot:5    | Killed an orb of fire
 72332 | Zot:5    | Lost mutation: You have large cloven feet. [potion of cure mutation]
 72332 | Zot:5    | Lost mutation: You are very frail (-20% HP). [potion of cure mutation]
 72332 | Zot:5    | Lost mutation: You are very weak. (Str -4) [potion of cure mutation]
 72332 | Zot:5    | Lost mutation: Scrolls take you a little longer to read. [potion of cure mutation]
 72332 | Zot:5    | Lost mutation: You are partially covered in thin metallic scales (AC +2). [potion of cure mutation]
 72482 | Zot:5    | Got the Orb of Zot
 72548 | Zot:4    | Noticed Zurchiz the pandemonium lord
 72551 | Zot:4    | Noticed Togic the pandemonium lord
 73064 | D:8      | Killed George's ghost
 73214 | D:8      | Noticed Jawugami the pandemonium lord
 73303 | D:$      | Escaped with the Orb!

Vault maps used:
D:1:      dpeg_arrival_ternary
D:2:      lemuel_crystal_altar
D:3:      portal_sewer_entry_f, minmay_misc_feat_square
D:4:      marbit_many_paths, nicolae_overflow_crystal_walls
D:5:      slow_altar_1, kennysheep_mini_moat, minmay_temple_entry_glass,
          first_bread, uniq_grinder, uniq_edmund, uniq_crazy_yiuf_cottage,
          uniq_pikel
D:6:      minmay_misc_feat_iff, nicolae_lava_and_water,
          makhleb_altar_promises_db, uniq_sigmund, uniq_blork_the_orc
D:7:      tgw_fedhas
D:8:      grunt_ministairs_12, uniq_prince_ribbit1, uniq_gastronok
D:9:      kennysheep_mini, grunt_pakellas_sulfur, lair_0_dummy
D:10:     erik_rubicon_b
D:11:     minmay_orc_entry_guard_dogs, serial_shops, shop, shop,
          hangedman_pestilent_swarm, minivault_23,
          hangedman_abyss_or_decor_slice
D:12:     hangedman_screamer, basic_altar, xom_redecorated, uniq_snorg
D:13:     erik_vaults_2, special_room
D:14:     enter_trove_0, serial_undead, serial_undead_c, serial_undead_d,
          serial_undead_b, serial_undead_e, serial_undead_d, serial_undead_f
D:15:     hangedman_depths_entry_civil_slaughter, minmay_misc_feat_columns
Temple:   water_room_temple_b_12
Lair:1:   roderic_batcave, nicolae_quartered_pool_medium
Lair:2:   dragon1_lemuel, st_stairs_13, infiniplex_staircase_pool_2, uniq_harold
Lair:4:   shoals_dummy_entry, portal_ice_cave_entry_imps
Lair:5:   nicolae_spider_entry_orb_guardian, grunt_forest_large_clearings
Lair:6:   slime_altar_1, infiniplex_staircase_pool, grunt_megastairs_4,
          serial_bayou_shore_a, lemuel_fruit_fields
Lair:7:   lemuel_fruit_tree
Lair:8:   minmay_lair_end_enchanted_forest, grunt_megastairs_3,
          serial_bayou_shore_b
Shoals:1: dpeg_stationary_puzzle, uniq_aizul, uniq_josephine
Shoals:4: shoals_end_simple, shoal_ilsuiw
Spider:1: spider_trap
Spider:3: uniq_agnes, uniq_arachne, uniq_kirke, uniq_louise
Spider:4: guppyfry_spider_rune, uniq_donald, uniq_wiglaf
Orc:1:    serial_shops, nicolae_shop_trees, guppyfry_library_mini
Orc:2:    st_orc_open, serial_shops, shop_fountains
Elf:1:    minmay_elf_arrival_plus, basic_altar, hangedman_elf_represent,
          uniq_nikola
Elf:3:    minmay_elf_hall, serial_shops, nicolae_shop_stone,
          roderic_lattice_octagonal_star
Vaults:1: st_octagons_1, nicolae_vaults_circle_grid_b, grunt_vaults_bifocal,
          vaults_dpeg_ring, vaults_standard_mumra_lines, v_rooms_2,
          nicolae_vaults_alarming, vaults_room_semicircle,
          nicolae_vaults_big_ls, v_misc_26, ontoclasm_vaults_fault,
          nicolae_vaults_little_squares_3, v_misc_3, v_misc_15
Vaults:2: vaults_mumra_minichess_inversion, ontoclasm_vaults_ring_small,
          hangedman_vaults_nodes, vaults_room_semicircle,
          hangedman_vaults_stretched_pinwheel, ontoclasm_vaults_spin,
          nicolae_vaults_display_case, nicolae_vaults_little_squares_2,
          serial_shops, shop
Vaults:3: vaults_dpeg_diagonal, minmay_crypt_entry_simple_statues,
          hangedman_vaults_stream, nicolae_vaults_rhombus_5, vaults_room_pool,
          hangedman_vaults_corner_blocks, v_alt_pattern_1,
          hangedman_vaults_river_flow, v_pattern_5, ontoclasm_vaults_chip,
          serial_shops, nicolae_shop_behind_doors, uniq_jorgrun
Vaults:4: nicolae_vaults_big_angled_halls, nicolae_vaults_shelves_hall,
          vaults_mumra_hexcomb, grunt_vaults_trifunnel,
          nicolae_vaults_ring_of_whatevers, vaults_room_corners,
          vaults_dpeg_hooks, v_misc_4, ontoclasm_vaults_pinch
Vaults:5: uniq_saint_roka
Depths:1: grunt_hell_entry_dis_old, serial_curves, eino_curves_04,
          eino_curves_02, st_stairs_13, minmay_pinched_square,
          kennysheep_random_hallway
Depths:2: giant_chief_lemuel, hangedman_decor_opposing, abyss_entry, hell_entry,
          infiniplex_staircase_x
Depths:3: hangedman_slaughterboxes, hell_entry, pan_entry, uniq_norris
Depths:4: kennysheep_large_spiral, abyss_entry, hellmouth_3, evilmike_ambush,
          uniq_mara
Depths:5: evilmike_zot_entry_diamond, enter_ziggurat_a,
          serial_sigils_hangedman_etch, hell_entry, basic_stair_grate_trap,
          serial_bayou_shore_b
Zot:1:    grunt_megastairs_2
Zot:2:    st_stairs_9
Zot:3:    lemuel_acid_trip
Zot:4:    basic_stair_grate_trap
Zot:5:    grunt_ministairs_5

Skill      XL: |  1  2  3  4  5  6  7  8  9 10 11 12 13 14 15 16 17 18 19 20 21 22 23 24 25 26 27 |
---------------+----------------------------------------------------------------------------------+-----
Polearms       | 1 2 3 |  3.8
Axes           | 3 5 7 10 13 14 16 18 | 18.0
Shields        | 4 9 15 | 15.0
Fighting       | 4 6 10 12 15 16 17 19 20 21 22 23 24 25 26 27 | 27.0
Armour         | 3 5 9 11 14 15 16 17 18 20 21 22 23 24 25 26 27 | 27.0
Dodging        | 6 10 11 12 14 15 16 17 22 | 22.0
Staves         | |  1.0
Stealth        | |  1.0
Spellcasting   | |  1.0
Necromancy     | |  1.0
Air Magic      | |  2.4
Evocations     | |  2.0

Action                   |  1- 3 |  4- 6 |  7- 9 | 10-12 | 13-15 | 16-18 | 19-21 | 22-24 | 25-27 || total
-------------------------+-------+-------+-------+-------+-------+-------+-------+-------+-------++-------
Melee: Spear             |   201 |   176 |   554 |    37 |       |       |       |       |       ||   968
       Kick              |       |     1 |   116 |   266 |   244 |       |       |       |       ||   627
       War axe           |       |       |       |   826 |  1742 |  2787 |  1227 |       |       ||  6582
       Broad axe         |       |       |       |       |       |       |   784 |  1563 |  1806 ||  4153
Throw: Stone             |       |     6 |       |       |       |       |       |       |       ||     6
       Javelin           |       |       |     9 |    21 |     1 |     2 |       |       |       ||    33
       Throwing net      |       |       |       |     1 |       |       |       |       |     4 ||     5
Invok: Burn Spellbooks   |       |       |     1 |     4 |     3 |     2 |     5 |     6 |     2 ||    23
       Berserk           |       |       |       |    18 |    25 |    16 |     7 |    13 |    19 ||    98
       Trog's Hand       |       |       |       |       |     4 |     7 |     6 |    11 |    32 ||    60
       Brothers in Arms  |       |       |       |       |     3 |     6 |     3 |     4 |     5 ||    21
Evoke: Wand              |       |     1 |    10 |    10 |    21 |    11 |     3 |     2 |    14 ||    72
       Phantom mirror    |       |       |       |     1 |       |       |       |       |       ||     1
  Use: Scroll            |     4 |    13 |     5 |    13 |    17 |    13 |    20 |     6 |    28 ||   119
       Potion            |       |     1 |       |     5 |     5 |     1 |     3 |       |    13 ||    28
 Stab: Sleeping          |     1 |       |     1 |       |       |       |       |       |       ||     2
       Paralysed         |       |       |       |     6 |     2 |       |       |       |       ||     8
       Distracted        |       |       |       |       |     2 |     5 |       |     2 |     3 ||    12
       Held in net/web   |       |       |       |       |     1 |       |       |       |     5 ||     6
  Eat: Chunk             |     3 |     6 |     1 |    23 |    10 |     6 |    29 |    21 |     2 ||   101
       Fruit             |       |     3 |     5 |     8 |     4 |     9 |    12 |    15 |     5 ||    61
       Bread ration      |       |       |     2 |       |     6 |     3 |       |     2 |     4 ||    17
       Meat ration       |       |       |     1 |     4 |     4 |     6 |     1 |     1 |     6 ||    23
       Pizza             |       |       |       |     3 |     2 |     1 |     1 |     2 |       ||     9
       Beef jerky        |       |       |       |       |     1 |       |     1 |       |     2 ||     4
       Royal jelly       |       |       |       |       |       |     9 |     1 |     1 |     1 ||    12
Armor: Robe              |    23 |       |       |       |       |       |       |       |       ||    23
       Ring mail         |    27 |    29 |       |    15 |   557 |   667 |   264 |   274 |   109 ||  1942
       Skin              |       |    18 |       |       |       |       |       |       |       ||    18
       Fire dragon armou |       |    28 |   151 |       |       |       |       |       |    27 ||   206
       Leather armour    |       |       |    34 |    41 |       |       |       |       |       ||    75
       Chain mail        |       |       |       |   135 |   370 |       |       |       |       ||   505
       Plate armour      |       |       |       |   139 |       |       |       |       |       ||   139
       Gold dragon armou |       |       |       |       |       |       |       |       |   178 ||   178
Dodge: Dodged            |    88 |    68 |   134 |   220 |   961 |  1080 |   535 |   530 |   678 ||  4294
Block: Other             |       |       |    12 |       |       |       |       |       |       ||    12
       Buckler           |       |       |    41 |   225 |  1016 |   195 |       |       |       ||  1477
       Reflection        |       |       |     5 |     3 |     1 |    81 |   158 |    78 |    69 ||   395
       Shield            |       |       |       |       |       |  2090 |  1549 |  1235 |  1368 ||  6242
